 Dungeon Crawl Stone Soup version 0.21.0-3-g78d12a8bdd (webtiles) character file.

5575 Rrauwl the Grappler (level 10, 0/81 HPs)
             Began as a Troll Monk on Jan 10, 2018.
             Was an Elder of Hepliaklqana.
             Slain by a basilisk (10 damage)
             ... on level 9 of the Dungeon.
             The game lasted 00:24:42 (6223 turns).

Rrauwl the Grappler (Troll Monk)                    Turns: 6223, Time: 00:24:43

Health: 0/81       AC:  7    Str: 24    XL:     10   Next: 44%
Magic:  9/9        EV:  1    Int:  6    God:    Hepliaklqana [****..]
Gold:   340        SH:  0    Dex: 14    Spells: 7/9 levels left

rFire    . . .     SeeInvis +     - Unarmed
rCold    . . .     Gourm    +   (no shield)
rNeg     + + +     Faith    .   a - +1 robe
rPois    ∞         Spirit   .   (helmet restricted)
rElec    .         Reflect  .   t - +0 cloak
rCorr    .         Harm     .   (gloves unavailable)
MR       .....                  (boots unavailable)
Stlth    ++........             e - amulet of magic regeneration
HPRegen  0.63/turn              u - +2 ring of strength
MPRegen  0.36/turn              r - ring of see invisible

@: petrified
A: large, unfitting armour, reduced essence, claws 3, fast metabolism 3,
gourmand, regeneration 1, shaggy fur 1, tough skin 2
a: Recall Ancestor, Ancestor Identity, Transference, Idealise, Renounce Religion


You were on level 9 of the Dungeon.
You worshipped Hepliaklqana.
Hepliaklqana was greatly pleased with you.
You were very full.

You visited 2 branches of the dungeon, and saw 10 of its levels.

You collected 451 gold pieces.
You spent 111 gold pieces at shops.

Inventory:

Hand Weapons
 v - a cursed -1 giant spiked club
 x - a +0 giant spiked club
Missiles
 i - a throwing net (quivered)
Armour
 a - a +1 robe (worn)
 o - a +2 large shield
 t - a +0 cloak (worn)
Jewellery
 e - an amulet of magic regeneration (around neck)
 r - a ring of see invisible (right claw)
 u - a +2 ring of strength (left claw)
Wands
 h - a wand of acid (8)
 p - a wand of flame (39)
 y - a wand of disintegration (19)
Scrolls
 f - 2 scrolls of fear
 j - 7 scrolls of identify
 k - 2 scrolls of immolation
 l - 3 scrolls of fog
 m - a scroll of teleportation
 n - 3 scrolls of enchant armour
 s - 2 scrolls of remove curse
Potions
 c - a potion of invisibility
 d - 2 potions of curing
 g - 4 potions of ambrosia
 q - 2 potions of heal wounds
Books
 w - a book of Air

   Spells                             Type                      Level
   a - Shock                          Conjuration/Air              1
   b - Swiftness                      Charms/Air                   2
   c - Static Discharge               Conjuration/Air              3
   d - Airstrike                      Air                          4
   e - Lightning Bolt                 Conjuration/Air              5
Comestibles
 b - 20 rations


   Skills:
 - Level 3.1 Fighting
 + Level 8.2 Throwing
 - Level 3.1 Dodging
 - Level 1.0 Stealth
 + Level 12.4 Unarmed Combat


You had 7 spell levels left.
You knew the following spells:

 Your Spells              Type           Power        Failure   Level  Hunger
a - Swiftness             Chrm/Air       #.......     58%         2    ###....


Dungeon Overview and Level Annotations

Branches:
Dungeon (9/15)             Temple (1/1) D:6             Orc (0/2) D:9
   Lair: D:8-11

Altars:
Ashenzari
Cheibriados
Dithmenos
Elyvilon
Fedhas
Gozag
Hepliaklqana
Kikubaaqudgha
Nemelex Xobeh
Okawaru
Qazlal
Ru
Sif Muna
Trog
Uskayaw
Vehumet
Wu Jian
Xom
Yredelemnul
Zin
The Shining One

Shops:
D:4 *


Innate Abilities, Weirdness & Mutations

You are too large for most types of armour.
You have claws for hands.
Your metabolism is lightning-fast.
You like to eat raw meat.
Your natural rate of healing is unusually fast.
You are covered in fur. (AC +1)
You have very tough skin. (AC +2)
Your life essence is reduced to manifest your ancestor. (-10% HP)


Message History

You resist with some effort.
You scratch the basilisk. You claw the basilisk.
The basilisk is lightly wounded.
The basilisk gazes at you.
You are slowing down.
You barely miss the basilisk.
The basilisk is lightly wounded.
The basilisk gazes at you. You resist with some effort.
Your limbs are stiffening.
You barely miss the basilisk.
The basilisk is lightly wounded.
The basilisk bites you!
* * * LOW HITPOINT WARNING * * *
You have turned to stone.
The basilisk bites you!!
* * * LOW HITPOINT WARNING * * *
The basilisk bites you but does no damage.
The basilisk gazes at you. The basilisk bites you!!
You die...

...P ... ....
..# ...♣. #.#
P....######..#
...P.......$.#
...♣.........#
.............+
........@l...#
....######...#
........##...#
+.....#....#
.....#.l..#
#..#....#
#..†....#
#.....#....#
..######....#


You could see a basilisk.

Vanquished Creatures
  The ghost of Fv001 the Digger, an amateur FoEE of Zin (D:4)
  A hippogriff (D:8)
  8 yaks
  A basilisk (D:9)
  Menkaure (D:6)
  2 hungry ghosts (D:8)
  2 porcupines (D:9)
  A water moccasin (D:5)
  2 sky beasts
  A phantom (D:6)
  5 ogres
  A big kobold (D:8)
  4 bullfrogs
  Dowan (D:6)
  3 scorpions
  3 killer bees (D:7)
  3 wights (D:7)
  A howler monkey (D:5)
  3 crimson imps
  A quasit (D:5)
  2 hounds
  A jelly (D:7)
  5 orc priests
  5 orc wizards
  A bullfrog skeleton (D:5)
  Ijyb (D:3)
  An iguana (D:8)
  4 worker ants
  4 gnolls (D:2)
  4 adders
  An ooze (D:1)
  A worm (D:3)
  3 dart slugs
  3 leopard geckos
  29 orcs
  10 bats
  A giant cockroach (D:1)
  4 goblins
  6 hobgoblins
  3 jackals
  A quokka (D:3)
  A ball python (D:1)
  6 frilled lizards
  8 kobolds
  A leopard gecko zombie (D:8)
  A quokka skeleton (D:8)
  14 rats
166 creatures vanquished.

Vanquished Creatures (collateral kills)
  Prince Ribbit (D:6)
  Duvessa (D:6)
  A porcupine (D:9)
  An ogre (D:5)
  A scorpion (D:5)
  3 killer bees
  2 wights (D:7)
  A jelly (D:8)
  A hound (D:5)
  An iguana (D:4)
  An adder (D:3)
  A howler monkey skeleton (D:7)
  An adder zombie (D:7)
  5 orcs
  A jackal (D:6)
  A kobold (D:8)
  A rat (D:3)
24 creatures vanquished.

Vanquished Creatures (others)
  A sky beast (D:8)
  A centaur skeleton (D:8)
  3 knights
  A plant (D:9)
6 creatures vanquished.

Grand Total: 196 creatures vanquished

Notes
Turn   | Place    | Note
-------+----------+-------------------------------------------
     0 | D:1      | Rrauwl the Troll Monk began the quest for the Orb.
     0 | D:1      | Reached XP level 1. HP: 22/22 MP: 0/0
   208 | D:1      | Reached XP level 2. HP: 29/29 MP: 1/1
   631 | D:2      | Reached XP level 3. HP: 35/36 MP: 2/2
   863 | D:2      | Reached XP level 4. HP: 27/45 MP: 3/3
   919 | D:2      | Found a hazy altar of Hepliaklqana.
   926 | D:2      | Became a worshipper of Hepliaklqana the Forgotten
   926 | D:2      | Reached * piety under Hepliaklqana
   926 | D:2      | Reached ** piety under Hepliaklqana
   927 | D:2      | Remembered your ancestor Rick as a knight
  1118 | D:2      | Found a basalt altar of Yredelemnul.
  1407 | D:3      | Reached skill level 4 in Unarmed Combat
  1470 | D:3      | Noticed Ijyb
  1478 | D:3      | Killed Ijyb
  1537 | D:3      | Found an opulent altar of Gozag.
  1698 | D:3      | Reached XP level 5. HP: 43/47 MP: 4/4
  1707 | D:3      | Found a snail-covered altar of Cheibriados.
  1927 | D:3      | Reached skill level 5 in Unarmed Combat
  2293 | D:4      | Found Ucwas's Assorted Antiques.
  2308 | D:4      | Bought a fizzy yellow potion for 21 gold pieces
  2308 | D:4      | Bought a scroll labeled TETESH ZAOW for 24 gold pieces
  2308 | D:4      | Bought a viscous coppery potion for 21 gold pieces
  2308 | D:4      | Bought a scroll labeled HUCAUK VUROIZ for 24 gold pieces
  2308 | D:4      | Bought a fuming cyan potion for 21 gold pieces
  2405 | D:4      | Reached XP level 6. HP: 54/54 MP: 5/5
  2459 | D:4      | Reached skill level 6 in Unarmed Combat
  2579 | D:4      | Noticed Fv001's ghost (amateur FoEE)
  2585 | D:4      | Killed Fv001's ghost
  2585 | D:4      | Reached skill level 7 in Unarmed Combat
  2585 | D:4      | Reached XP level 7. HP: 51/60 MP: 6/6
  2819 | D:4      | Reached *** piety under Hepliaklqana
  2998 | D:5      | Entered Level 5 of the Dungeon
  3027 | D:5      | Reached skill level 8 in Unarmed Combat
  3293 | D:5      | Reached skill level 9 in Unarmed Combat
  3299 | D:5      | Reached skill level 1 in Throwing
  3299 | D:5      | Reached XP level 8. HP: 67/67 MP: 7/7
  3556 | D:6      | Found a shattered altar of Ashenzari.
  3574 | D:6      | Found a staircase to the Ecumenical Temple.
  3616 | Temple   | Entered the Ecumenical Temple
  3834 | D:6      | Noticed Prince Ribbit
  3930 | D:6      | Noticed Menkaure
  3938 | D:6      | Killed Menkaure
  4014 | D:6      | Killed Prince Ribbit
  4014 | D:6      | Reached skill level 10 in Unarmed Combat
  4035 | D:6      | Noticed Duvessa
  4035 | D:6      | Noticed Dowan
  4050 | D:6      | Killed Duvessa
  4051 | D:6      | Killed Dowan
  4086 | D:6      | Reached **** piety under Hepliaklqana
  4138 | D:6      | Reached XP level 9. HP: 72/72 MP: 8/8
  4386 | D:6      | Reached skill level 5 in Throwing
  4588 | D:7      | Reached skill level 11 in Unarmed Combat
  4858 | D:7      | Found a glowing golden altar of the Shining One.
  5071 | D:8      | Found a blossoming altar of Fedhas.
  5629 | D:8      | Reached XP level 10. HP: 76/81 MP: 9/9
  5654 | D:8      | Reached skill level 12 in Unarmed Combat
  5866 | D:8      | Learned a level 2 spell: Swiftness
  6147 | D:9      | Found a staircase to the Orcish Mines.
  6223 | D:9      | Slain by a basilisk

Skill      XL: |  1  2  3  4  5  6  7  8  9 10 |
---------------+-------------------------------+-----
Fighting       | 3 |  3.1
Dodging        | 3 |  3.1
Unarmed Combat | 4 5 7 9 10 11 12 | 12.4
Throwing       | 1 4 7 8 |  8.2
Stealth        | |  1.0

Action                   |  1- 3 |  4- 6 |  7- 9 | 10-12 || total
-------------------------+-------+-------+-------+-------++-------
Melee: Unarmed           |    72 |   115 |   230 |    68 ||   485
       Punch             |       |     3 |    11 |     2 ||    16
Invok: Ancestor Life: Kn |       |     1 |       |       ||     1
       Ancestor Identity |       |     1 |       |       ||     1
       Recall Ancestor   |       |       |       |     1 ||     1
  Use: Potion            |       |     8 |     2 |       ||    10
       Scroll            |       |     7 |     4 |     1 ||    12
 Stab: Sleeping          |     1 |     7 |     4 |       ||    12
       Distracted        |       |       |     2 |       ||     2
  Eat: Chunk             |    13 |    16 |    33 |     9 ||    71
       Ration            |       |       |       |     1 ||     1
Armor: Robe              |    21 |    24 |    60 |    18 ||   123
Dodge: Dodged            |    30 |    54 |   106 |    18 ||   208
